[Event "*** Titled Tuesday Blitz"]
[Site "Chess.com"]
[Date "2019.01.01"]
[Round "3"]
[White "GhostOfGreenval"]
[Black "farzadbfd"]
[Result "1-0"]
[WhiteElo "2739"]
[BlackElo "2498"]
[TimeControl "180+2"]
[EndTime "13:37:18 PST"]
[Termination "GhostOfGreenval won on time"]

1. e4 e5 2. Nf3 Nc6 3. Bb5 a6 4. Ba4 g6 5. O-O Bg7 6. c3 d6 7. h3 Bd7 8. d4 Nf6 9. Re1 O-O 10.
d5 Ne7 11. Bxd7 Qxd7 12. c4 b6 13. Nc3 Nh5 14. Rb1 a5 15. Nb5 h6 16. a3 Kh7 17.
b4 axb4 18. axb4 f5 19. exf5 Qxf5 20. Be3 Qd7 21. Nh4 Nf4 22. Qc2 Nf5 23. Nxf5 Rxf5 24. Bxf4 exf4 25. Re6 Re8 26. Nxc7 Rc8 27. Nb5 Rf6 28.
Rxf6 Bxf6 29. Qe4 Be5 30. Rb3 Ra8 31. f3 Ra1+ 32. Kh2 Qe7 33. Ra3 Rxa3 34. Nxa3 Qa7 35. Nc2 Qa4 36. Qe2 h5 37. c5 bxc5 38. bxc5 dxc5 39.
Qxe5 Qxc2 40. d6 c4 41. d7 Qd2 42. Qe7+ Kh6 43. d8=Q 1-0

[Event "*** Titled Tuesday Blitz"]
[Site "Chess.com"]
[Date "2019.01.01"]
[Round "3"]
[White "Andrew-FB00"]
[Black "ChessGamingPro"]
[Result "1/2-1/2"]
[WhiteElo "1801"]
[BlackElo "1648"]
[TimeControl "180+2"]
[EndTime "13:37:20 PST"]
[Termination "Game drawn by repetition"]

1. e4 e5 2. Nf3 Nc6 3. Bb5 a6 4. Ba4 Nf6 5. d4 b5 6. Bb3 exd4 7. O-O d6 8. Bd5 Nxd5 9. exd5 Ne7 10. Re1 Bg4 11.
Qxd4 Bxf3 12. gxf3 Qd7 13. Bg5 f6 14. Bf4 Rg8 15. Bg3 Kf7 16. Nd2 Nf5 17. Qd3 Nxg3 18. fxg3 g6 19. Nb3 Bg7 20. Nd4 Rae8 21. c3 Rxe1+ 22.
Rxe1 Re8 23. Rxe8 Qxe8 24. Kf2 Qe5 25. Ne6 f5 26. Nxc7 Qe7 27. Ne6 Qa7+ 28. Kg2 Qe7 29. Nf4 Qe1 30. Ne6 Qe5 31. Nxg7 Kxg7 32. f4 Qe7 33.
Qd4+ Kf7 34. Qd3 Qe1 35. h3 Kg7 36. Qd4+ Kf7 37. Qa7+ Kf6 38. Qf2 Qe4+ 39. Qf3 Qc2+ 40.
Qf2 Qe4+ 41. Qf3 Qc2+ 42. Qf2 Qe4+ 1/2-1/2

[Event "*** Titled Tuesday Blitz"]
[Site "Chess.com"]
[Date "2019.01.01"]
[Round "3"]
[White "c63_amg"]
[Black "Chessialist"]
[Result "0-1"]
[WhiteElo "2678"]
[BlackElo "2530"]
[TimeControl "180+2"]
[EndTime "13:37:22 PST"]
[Termination "Chessialist won on time"]

1. e4 c5 2. Nf3 e6 3. d4 cxd4 4.
Nxd4 a6 5. Bd3 Qc7 6. Nc3 Nf6 7. Qe2 h5 8. e5 Ng4 9. Nf3 Nc6 10. Bf4 Bc5 11. Ne4 Be7 12. Ned2 g5 13. Nxg5 Ngxe5 14. O-O d6 15. h4 Bd7 16. Ndf3 Nxd3 17. cxd3 e5 18. Bg3 Bg4 19. Rac1 Qd7 20. Qe3 f6 21. Ne4 f5 22. Neg5 f4 23. Bxf4 exf4 24. Qe4 Qf5 25. Qa4 O-O 26. Qb3+ Kh8 27. Qxb7 Bxg5 28. Nxg5 Nd4 29.
Rc7 Qg6 30. Qd5 Ne6 31. Qxd6 Rad8 32. Qe5+ Qf6 33. Rh7+ Kg8 34. Qe4 Nxg5 35. hxg5 Qxg5 36. Rc7 Rf7 37. Qc4 Qg6 38. Re1 Rf8 39. Rc6 Qg5 40. d4 Bf3 0-1

[Event "*** Titled Tuesday Blitz"]
[Site "Chess.com"]
[Date "2019.01.01"]
[Round "3"]
[White "Rainmond"]
[Black "IMAghasiyevKamal"]
[Result "1-0"]
[WhiteElo "2792"]
[BlackElo "2539"]
[TimeControl "180+2"]
[EndTime "13:37:23 PST"]
[Termination "Rainmond won by resignation"]

1. Nf3 d5 2. d4 Nf6 3. c4 e6 4. Nc3 Be7 5. Bf4 O-O 6. e3 c5 7. dxc5 Bxc5 8. a3 Nc6 9. Rc1 Be7 10. Bd3 a6 11. cxd5 exd5 12. h3 Be6 13. O-O Rc8 14.
Ng5 Bd6 15. Bxd6 Qxd6 16. Bb1 h6 17. Nf3 Rfd8 18. Nd4 Nxd4 19. exd4 Qf4 20. Re1 Rc4 21. Ne2 Qg5 22. Kf1 Rdc8 23. Rc3 Ne4 24. Re3 Bf5 25. Bd3 R4c6 26. Ng1 Rc1 27. Qe2 Qf6 28. Nf3 Bg6 29. Kg1 Rxe1+ 30. Qxe1 Qb6 31. Qb1 Nc3 32. Qc2 Bxd3 33. Rxd3 Qg6 34. bxc3 Qe4 35. Qd2 b5 36. Re3 Qb1+ 37. Kh2 Qa1 38. Ne5 Qxa3 39.
Rg3 Qd6 40. Qd3 f6 41. Qg6 Rc7 42. Qxh6 a5 43. Qg6 a4 44. Ng4 Kf8 45. Ne3 a3 46. Nf5 Qd7 47. Qh7 Qf7 48. Re3 a2 49. Qh8+ Qg8 50.
Re8+ Kxe8 51. Qxg8+ 1-0

[Event "*** Titled Tuesday Blitz"]
[Site "Chess.com"]
[Date "2019.01.01"]
[Round "3"]
[White "Msb2"]
[Black "Keranke"]
[Result "1-0"]
[WhiteElo "2817"]
[BlackElo "2750"]
[TimeControl "180+2"]
[EndTime "13:37:25 PST"]
[Termination "Msb2 won by resignation"]

1. d4 g6 2. c4 Bg7 3. e4 d6 4.
Nc3 Nf6 5. Be2 O-O 6. Be3 e5 7. d5 a5 8. g4 Na6 9. h4 Nc5 10. f3 h5 11. g5 Nfd7 12. Qd2 f5 13. gxf6 Nxf6 14. O-O-O Kh7 15. Nh3 Bxh3 16. Rxh3 Ng8 17. Rg1 Bh6 18. Bxh6 Nxh6 19. Rhg3 Rf6 20. Nd1 Qe7 21. Nf2 Rg8 22. Nh3 Nf7 23. Bd1 b6 24. Bc2 Kg7 25. f4 Kf8 26. f5 Ke8 27. fxg6 Nh8 28. Qh6 Qg7 29. Qxh5 Rxg6 30. Rxg6 Nxg6 31. Kb1 Qf7 32. Ng5 Qf2 33. Nf3 Kd8 34. Qg4 Rf8 35. Qxg6 Rxf3 36. h5 Kc8 37. Qe8+ Kb7 38. Qc6+ Kb8 39.
Qe8+ Ka7 40. Rc1 Rh3 41. Qc8 Na6 42. Qxh3 Nb4 43. Qc3 Qh2 44. a3 Na6 45. Qf3 Nc5 46.
Qh1 a4 1-0

[Event "*** Titled Tuesday Blitz"]
[Site "Chess.com"]
[Date "2019.01.01"]
[Round "3"]
[White "aRk_iN"]
[Black "kayamarley"]
[Result "1-0"]
[WhiteElo "2137"]
[BlackElo "1896"]
[TimeControl "180+2"]
[EndTime "13:37:25 PST"]
[Termination "aRk_iN won by resignation"]

1. e4 c5 2. Nf3 d6 3. Bb5+ Bd7 4.
Bxd7+ Qxd7 5. O-O Nc6 6. c3 Nf6 7. Re1 e6 8. d4 Be7 9. Nbd2 O-O 10. e5 Nd5 11. Nf1 cxd4 12. cxd4 dxe5 13. dxe5 Rfd8 14. Qe2 Rac8 15. a3 b5 16. Ng3 b4 17. Bg5 bxa3 18. bxa3 Nc3 19. Qe3 Qd3 20. Bxe7 Nxe7 21. Qxa7 Rd7 22.
Qe3 Qa6 23. Ne4 Ned5 24. Qg5 Nxe4 25. Rxe4 f5 26. exf6 Nxf6 27. Re3 Rdc7 28. Rae1 Rc1 29. h3 Rxe1+ 30. Rxe1 Re8 31. Qc5 Nd5 32. Ng5 Nf4 33. Qe3 Qd6 34. Nf3 Ng6 35. Ne5 Nxe5 36. Qxe5 Qxa3 37. Re3 Qc1+ 38. Kh2 Qc6 39. Rg3 g6 40.
Rf3 Qd7 41. h4 Qe7 42. g3 Rd8 43. h5 gxh5 44. Qxh5 Qg7 45. Rf4 Kh8 46. Rg4 Qe7 47. Qe5+ 1-0

[Event "*** Titled Tuesday Blitz"]
[Site "Chess.com"]
[Date "2019.01.01"]
[Round "3"]
[White "M1711"]
[Black "champ2005"]
[Result "0-1"]
[WhiteElo "2539"]
[BlackElo "2628"]
[TimeControl "180+2"]
[EndTime "13:37:27 PST"]
[Termination "champ2005 won on time"]

1. d4 Nf6 2. Bg5 d5 3. e3 c5 4. c3 e6 5. Nd2 Nc6 6. Ngf3 Be7 7. Bd3 O-O 8. O-O b6 9. Ne5 Nxe5 10. dxe5 Nd7 11.
Bxe7 Qxe7 12. f4 Bb7 13. e4 f6 14. exf6 Nxf6 15. e5 Nd7 16. Qh5 g6 17. Bxg6 hxg6 18.
Qxg6+ Kh8 19. Rf3 Rf7 20. Rh3+ Rh7 21. Rxh7+ Qxh7 22. Qxe6 d4 23. cxd4 cxd4 24. Rf1 Rg8 25. Rf2 d3 26. f5 Nf8 27. Qf6+ Qg7 28. Qxg7+ Kxg7 29. e6 Kf6 30. Nc4 Rg4 31. Nd6 Rd4 32. Nb5 d2 33. Nc3 d1=Q+ 34. Nxd1 Rxd1+ 35. Rf1 Rd2 36. Rf2 Rd1+ 37. Rf1 Rxf1+ 38. Kxf1 Nh7 39. g4 Kg5 40. h3 Nf6 41. Kf2 Kf4 0-1

[Event "*** Titled Tuesday Blitz"]
[Site "Chess.com"]
[Date "2019.01.01"]
[Round "3"]
[White "sergiochess83"]
[Black "IakovUlivar"]
[Result "1-0"]
[WhiteElo "2762"]
[BlackElo "2488"]
[TimeControl "180+2"]
[EndTime "13:37:28 PST"]
[Termination "sergiochess83 won on time"]

1. e4 e5 2. Nf3 Nc6 3. Bb5 Nf6 4. d3 Bc5 5. Ba4 d6 6. Nbd2 O-O 7. O-O h6 8. h3 Ne7 9. c3 Ng6 10. d4 Bb6 11.
Bc2 Re8 12. Re1 a6 13. Nc4 Ba7 14. dxe5 dxe5 15. Qxd8 Rxd8 16. Ncxe5 Nxe5 17. Nxe5 Be6 18. Nf3 Rd7 19. Be3 Bxe3 20. Rxe3 a5 21. Bb3 Bxb3 22. axb3 Re8 23. e5 Nd5 24. Rd3 b6 25. Rad1 Red8 26. Rd4 c5 27. R4d2 b5 28. Ne1 Kf8 29. c4 bxc4 30.
bxc4 Nb6 31. Rxd7 Rxd7 32. Rxd7 Nxd7 33. Nd3 Ke7 34. f4 g5 35. fxg5 hxg5 36. Kf2 Ke6 37.
Ke3 Kf5 38. b3 Ke6 39. g3 Kf5 40. h4 gxh4 41. gxh4 Nxe5 42. Nxc5 Nc6 43. Nd3 f6 44. c5 Kg4 45. Ke4 f5+ 46. Kd5 Na7 47. c6 Kxh4 48. Kc5 1-0

[Event "*** Titled Tuesday Blitz"]
[Site "Chess.com"]
[Date "2019.01.01"]
[Round "3"]
[White "GremioPrudente"]
[Black "S2PAc"]
[Result "0-1"]
[WhiteElo "2016"]
[BlackElo "2855"]
[TimeControl "180+2"]
[EndTime "13:37:29 PST"]
[Termination "S2PAc won by resignation"]

1. Nf3 g6 2. d4 Bg7 3. c3 d6 4. Bf4 Nc6 5. e3 e5 6. dxe5 dxe5 7. Qxd8+ Kxd8 8. Bg3 f6 9. Bb5 Bd7 10. O-O Ke7 11. Na3 a6 12. Be2 Nh6 13. Rfd1 Nf5 14. Nh4 Nd6 15. Nf3 Nf5 16. Nh4 Nd6 17. Nf3 Rad8 18.
Rd2 Ne4 19. Rdd1 h5 20. h3 Nxg3 21. fxg3 b5 22. Kf2 Bh6 23. e4 Be6 24. Rxd8 Rxd8 25. b3 Bf8 26. Rd1 Rb8 27. Nc2 Kf7 28. Nd2 Bc5+ 29.
Kf1 a5 30. c4 b4 31. Nf3 Ke7 32. Nh4 Kf7 33. Nf3 Ra8 34. Bd3 a4 35. Ke2 g5 36.
Rb1 Ke7 37. Nd2 Rd8 38. Nf3 Ra8 39. Nd2 Rh8 40. Nf3 Kf7 41. Rf1 Kg6 42. Nh2 g4 43. h4 Ra8 44. Rb1 Nd4+ 45. Nxd4 Bxd4 46. Nf1 axb3 47.
axb3 Ra2+ 48. Nd2 f5 49. exf5+ Bxf5 50. Bxf5+ Kxf5 51. Rf1+ Ke6 52. Rd1 Bc3 53. Kd3 Rxd2+ 54.
Rxd2 Bxd2 55. Kxd2 e4 56. Ke2 Ke5 57. Ke3 c5 58. Ke2 Kd4 59. Kd2 e3+ 60. Ke2 Ke4 61. Ke1 Kd3 62. Kd1 Kc3 63. Ke2 Kxb3 64. Kxe3 Kc2 65. Kf4 b3 66. Kg5 b2 67. Kxh5 b1=Q 68. Kxg4 Kc3 69. Kg5 Kxc4 70. g4 Kd5 71. h5 Ke6 0-1

[Event "*** Titled Tuesday Blitz"]
[Site "Chess.com"]
[Date "2019.01.01"]
[Round "3"]
[White "essequamvideris"]
[Black "PenguinPacks"]
[Result "1-0"]
[WhiteElo "2363"]
[BlackElo "2204"]
[TimeControl "180+2"]
[EndTime "13:37:30 PST"]
[Termination "essequamvideris won by resignation"]

1. Nf3 Nf6 2. g3 g6 3. Bg2 Bg7 4. O-O O-O 5. c4 c5 6. Nc3 Nc6 7. a3 d6 8. b4 cxb4 9. axb4 Nxb4 10. Ba3 Nc6 11. Qa4 Nd7 12. Rfb1 Nc5 13. Bxc5 dxc5 14. Qb5 Qd6 15. e3 Bf5 16. e4 Be6 17. Ra3 b6 18. e5 Qc7 19. Re1 Rad8 20. Ng5 Nd4 21. Qa4 Bf5 22. Qxa7 Qxa7 23. Rxa7 Nc2 24. Nd5 Nxe1 25. Nxe7+ Kh8 26. Nxf5 gxf5 27. Nxf7+ Kg8 28. Nxd8 Rxd8 29.
Bd5+ Kf8 30. Rf7+ Ke8 31. Rxg7 Nd3 32. f4 b5 33. Bc6+ Kf8 34. Rxh7 b4 35. Rh8+ Ke7 36. Rxd8 Kxd8 37. Ba4 Nc1 38. Bc2 b3 39. Bxf5 b2 40. Kf2 Nb3 41. Ke3 Na5 42. h4 Nxc4+ 43. Ke2 Na3 44.
h5 Nb5 45. Ke3 Ke7 46. h6 Kf8 47. g4 Nd4 48. Bb1 Nb5 49. e6 Nd4 50. f5 Nc6 51. f6 Ne5 52. Kf4 1-0

[Event "*** Titled Tuesday Blitz"]
[Site "Chess.com"]
[Date "2019.01.01"]
[Round "3"]
[White "PulpanJ"]
[Black "belisarius64"]
[Result "1-0"]
[WhiteElo "2609"]
[BlackElo "2552"]
[TimeControl "180+2"]
[EndTime "13:37:32 PST"]
[Termination "PulpanJ won by resignation"]

1. e4 c5 2. Nf3 d6 3. d4 cxd4 4. Nxd4 Nf6 5. Nc3 a6 6. Be2 e6 7. Be3 Be7 8. f3 b5 9. a3 Bb7 10. Qd2 Nbd7 11. O-O-O Rc8 12. g4 Ne5 13. g5 Nfd7 14. h4 O-O 15. h5 d5 16. exd5 b4 17.
axb4 Bxb4 18. dxe6 fxe6 19. f4 Bxh1 20. Rxh1 Nc4 21. Bxc4 Rxc4 22. Nxe6 Qa5 23. Qxd7 Bxc3 24. bxc3 Qxc3 25. Qxg7+ Qxg7 26. Nxg7 Kxg7 27. Rd1 Re4 28. Bd4+ Kf7 29. Be5 Rc8 30. Rd7+ Ke6 31. Rxh7 Re2 32.
c3 Rd8 33. Bf6 Re8 34. Rh8 Rxh8 35. Bxh8 Kf5 36. Be5 a5 37. g6 Rg2 38. g7 a4 39. h6 a3 40. c4 Ke4 41. h7 Kd3 42. g8=Q Rc2+ 43. Kb1 a2+ 44. Ka1 Rxc4 45. Qxc4+ Kxc4 46. h8=Q 1-0

[Event "*** Titled Tuesday Blitz"]
[Site "Chess.com"]
[Date "2019.01.01"]
[Round "3"]
[White "Opening_Prep"]
[Black "bugsbunny444"]
[Result "0-1"]
[WhiteElo "2398"]
[BlackElo "2523"]
[TimeControl "180+2"]
[EndTime "13:37:33 PST"]
[Termination "bugsbunny444 won by resignation"]

1. d4 e6 2. Bf4 Nf6 3. e3 d5 4.
Nc3 a6 5. g4 c5 6. g5 Nfd7 7.
Nf3 Nc6 8. Qd2 b5 9. a3 Be7 10. h4 Bb7 11. Rg1 Nb6 12. h5 Qd7 13. Ne5 Nxe5 14.
Bxe5 O-O 15. g6 f6 16. gxh7+ Kh8 17. Bf4 Nc4 18. Qe2 e5 19. h6 g5 20. dxe5 Nxe5 21. Bxe5 fxe5 22. O-O-O Rad8 23. Bg2 Qe6 24. e4 d4 25. Nd5 Bxd5 26. exd5 Qf6 27. Be4 Qxf2 28. Qd3 Qf4+ 29. Kb1 c4 30. Qe2 Qf2 31. Qg4 Qf6 32.
Qg2 Qd6 33. Rdf1 Rf4 34. Rxf4 exf4 35. Re1 Bf6 36. Bf3 d3 37. cxd3 Qc5 38. dxc4 bxc4 39. Qe2 Qd4 40. Be4 Rb8 41. b4 cxb3 42. Kc1 Rc8+ 0-1

[Event "*** Titled Tuesday Blitz"]
[Site "Chess.com"]
[Date "2019.01.01"]
[Round "3"]
[White "Blitzstream"]
[Black "nurmiTV"]
[Result "1-0"]
[WhiteElo "2558"]
[BlackElo "2610"]
[TimeControl "180+2"]
[EndTime "13:37:36 PST"]
[Termination "Blitzstream won by resignation"]

1. e4 e5 2. Nf3 Nc6 3. d4 exd4 4. Nxd4 Bc5 5. Be3 Qf6 6. c3 Nge7 7. g3 O-O 8. Bg2 d6 9. O-O Bb6 10. Na3 Ne5 11. h3 Be6 12. Kh2 Nc4 13. Nxc4 Bxc4 14. Re1 Rfe8 15. f4 Nc6 16. Qd2 Rad8 17. b3 Ba6 18.
Rad1 h6 19. g4 Nxd4 20. cxd4 c6 21. Qf2 Ba5 22. Rg1 Bc7 23. h4 b6 24. g5 hxg5 25. hxg5 Qg6 26. Bf3 Rxe4 27. Bxe4 Qxe4 28. d5 cxd5 29.
Bd4 Qf5 30. Kg3 Re8 31. Rge1 Re4 32. Rc1 Bd8 33. b4 Bc4 34. Rxe4 Qxe4 35. Re1 Qd3+ 36. Re3 Qd1 37. Re8+ Kh7 38. Rxd8 Bd3 39. f5 Qh5 40.
Qh2 Qxh2+ 41. Kxh2 Bxf5 42. Rxd6 Be4 43. Rd7 a5 44. b5 a4 45. Bxb6 Kg6 46. Bd4 Kxg5 47. b6 Bf5 48. Rxd5 1-0

[Event "*** Titled Tuesday Blitz"]
[Site "Chess.com"]
[Date "2019.01.01"]
[Round "3"]
[White "Winehouse83"]
[Black "GrigorGrigorov"]
[Result "0-1"]
[WhiteElo "2402"]
[BlackElo "2785"]
[TimeControl "180+2"]
[EndTime "13:37:37 PST"]
[Termination "GrigorGrigorov won by resignation"]

1. d4 Nf6 2. c4 e6 3. Nf3 d5 4. Nc3 Bb4 5. cxd5 exd5 6. Bg5 h6 7. Bxf6 Qxf6 8. e3 c6 9. Be2 O-O 10. O-O Re8 11. Ne5 Nd7 12. f4 Nf8 13. Bh5 g6 14.
Bg4 Bf5 15. Bxf5 Qxf5 16. g4 Qf6 17. Qb3 Qe7 18. Rae1 Bxc3 19. bxc3 f6 20. Nd3 Kg7 21. a4 Qc7 22. c4 dxc4 23. Qxc4 Qf7 24. Qc3 Kh7 25.
e4 Rad8 26. f5 g5 27. Nb4 Qd7 28. Nc2 c5 29. dxc5 Qxa4 30. Qxf6 Qxc2 31. Qf7+ Kh8 32.
Rf3 Qxc5+ 33. Kh1 Qe7 34. Qxe7 Rxe7 35. e5 Nh7 36. f6 Re6 37. Rf5 Rde8 38. Rc1 Rc6 39.
Rd1 Nf8 40. f7 Re7 41. Rd8 Kg7 42. Rf6 Rxe5 43. Rxc6 bxc6 44. Re8 Rd5 45. Kg2 Rd7 46.
Ra8 Rxf7 0-1

[Event "*** Titled Tuesday Blitz"]
[Site "Chess.com"]
[Date "2019.01.01"]
[Round "3"]
[White "WPWPWP-2015"]
[Black "SanchezKelvin"]
[Result "0-1"]
[WhiteElo "2278"]
[BlackElo "2542"]
[TimeControl "180+2"]
[EndTime "13:37:38 PST"]
[Termination "SanchezKelvin won by checkmate"]

1. e4 c5 2. Nf3 d6 3. d4 cxd4 4. Nxd4 Nf6 5. Nc3 g6 6. Be3 Bg7 7. f3 O-O 8. Qd2 Nc6 9. O-O-O Nxd4 10. Bxd4 Be6 11. h4 Qa5 12. Kb1 Rfc8 13. Nd5 Qxd2 14. Rxd2 Bxd5 15. exd5 Nd7 16. Be3 a6 17. h5 Ne5 18.
hxg6 hxg6 19. b3 f5 20. Be2 Kf7 21. g4 Rh8 22. Rdd1 Rxh1 23. Rxh1 Rh8 24. Rxh8 Bxh8 25. c4 Bf6 26. Kc2 fxg4 27. fxg4 g5 28. b4 e6 29. Kb3 exd5 30. cxd5 Ng6 31. Ka4 Bd8 32. b5 axb5+ 33. Bxb5 Kf6 34. Bd7 Ke5 35. Bc8 b6 36. Kb5 Nf4 37.
Bb7 Nxd5 38. Bd2 Kd4 39. a4 Ne3 40. Bc8 Nc4 41. Be1 d5 42. Bf2+ Ke4 43. Bf5+ Ke5 44.
Bxb6 Bxb6 45. Bd3 Bf2 46. Bxc4 dxc4 47. Kxc4 Kf4 48. Kd3 Kxg4 49. Ke2 Kg3 50. Kf1 Kf3 51. a5 g4 52. a6 g3 53. a7 g2# 0-1

[Event "*** Titled Tuesday Blitz"]
[Site "Chess.com"]
[Date "2019.01.01"]
[Round "3"]
[White "GMWSO"]
[Black "jk13"]
[Result "1-0"]
[WhiteElo "2989"]
[BlackElo "2704"]
[TimeControl "180+2"]
[EndTime "13:37:42 PST"]
[Termination "GMWSO won by resignation"]

1. e4 e5 2. Nf3 Nc6 3. Bc4 Bc5 4. d4 exd4 5. Ng5 Nh6 6. Nxf7 Nxf7 7. Bxf7+ Kxf7 8.
Qh5+ g6 9. Qxc5 d6 10. Qb5 Qe7 11. Nd2 a6 12. Qe2 Bd7 13. O-O Rae8 14. c3 dxc3 15. bxc3 Rhf8 16. c4 Kg8 17. Bb2 Qh4 18. Qe3 Ne5 19. h3 Qf4 20. Rae1 Qxe3 21. Rxe3 g5 22. Rg3 h6 23. f4 Nf7 24. fxg5 hxg5 25. Rf6 Re6 26.
Nf3 Rxf6 27. Bxf6 g4 28. hxg4 Re8 29. Nd2 Kh7 30. g5 Kg6 31. Kf2 Bc6 32. Rg4 Ne5 33.
Rh4 Nf7 34. Rg4 Ne5 35. Rg3 Nf7 36. Ke3 a5 37. Kf4 a4 38. Re3 Ne5 39. Rh3 Nf7 40. g4 Rf8 41. Kg3 Re8 42. Nf3 Bxe4 43. Nh4+ Kh7 44. Nf5+ Kg6 45. Nh4+ Kh7 46. Nf5+ Kg6 47. Ne7+ Rxe7 48. Bxe7 a3 49. Kf4 d5 50. Rxa3 c6 51. Ra8 Bb1 52. cxd5 cxd5 53. a4 d4 54. Rb8 Bc2 55. a5 d3 56. Bb4 Nxg5 57. Rg8+ 1-0

[Event "*** Titled Tuesday Blitz"]
[Site "Chess.com"]
[Date "2019.01.01"]
[Round "3"]
[White "MehdiHosseinipour"]
[Black "severomorskij"]
[Result "1-0"]
[WhiteElo "2570"]
[BlackElo "2750"]
[TimeControl "180+2"]
[EndTime "13:37:51 PST"]
[Termination "MehdiHosseinipour won by resignation"]

1. e4 c5 2. Nf3 Nc6 3. d4 cxd4 4. Nxd4 Nf6 5. Nc3 e5 6. Ndb5 d6 7. Bg5 a6 8. Na3 b5 9. Nd5 Be7 10. Bxf6 Bxf6 11. c4 b4 12. Nc2 O-O 13. g3 Bg5 14. h4 Bh6 15. Bh3 Be6 16. b3 a5 17.
Kf1 Nb8 18. Kg2 Nd7 19. Qf3 Bxd5 20. cxd5 Rc8 21. Qe2 Rc3 22. Ne1 Qc7 23. Rf1 Nf6 24.
Nd3 Rc2 25. Qf3 Qc3 26. g4 Bf4 27. g5 Nh5 28. Bg4 Ng3 29. Rfd1 Ne2 30. Ne1 Rb2 31. Nd3 Nd4 32. Qh3 Rc2 33. Nxf4 exf4 34. Qxc3 Rxc3 35. Rxd4 g6 36. Rdd1 Re8 37. Re1 Re7 38. Rac1 Rec7 39. Rxc3 Rxc3 40. e5 dxe5 41. Rxe5 Rd3 42. Kf1 f3 43.
Ke1 h5 44. gxh6 f5 45. Bh3 Kh7 46. h5 Kxh6 47. hxg6 a4 48. Bxf5 axb3 49. axb3 Rxb3 50. d6 Ra3 51. d7 Ra8 52. Re8 Ra1+ 53. Kd2 1-0

[Event "*** Titled Tuesday Blitz"]
[Site "Chess.com"]
[Date "2019.01.01"]
[Round "3"]
[White "IngOscarArdila"]
[Black "P0ubelle"]
[Result "0-1"]
[WhiteElo "2066"]
[BlackElo "2205"]
[TimeControl "180+2"]
[EndTime "13:37:51 PST"]
[Termination "P0ubelle won on time"]

1. e4 e5 2. Nf3 Nc6 3. Bb5 a6 4. Ba4 d6 5. d3 g6 6. c3 Bg7 7.
O-O Nf6 8. Nbd2 O-O 9. h3 h6 10.
Re1 Ne7 11. Nf1 Nh5 12. g4 Nf4 13. Bxf4 exf4 14. d4 h5 15. N1h2 hxg4 16. hxg4 g5 17. Nxg5 Ng6 18. Ngf3 Bf6 19. Bc2 Kg7 20. e5 Bg5 21. Bf5 Rh8 22. Qd3 Nh4 23. Bxc8 Rxc8 24. e6 Qf6 25. Nxh4 Bxh4 26. Nf3 fxe6 27. Qe4 Rce8 28.
Kf1 Qg6 29. Qxg6+ Kxg6 30. Ke2 Bg5 31. Rh1 e5 32. dxe5 dxe5 33. Nxg5 Kxg5 34. f3 e4 35. Rxh8 exf3+ 36. Kxf3 Rxh8 37. Rg1 Rh3+ 38. Kf2 Rh2+ 39. Kf3 Rxb2 40. Rh1 Rxa2 41. Rh5+ Kg6 42. Kxf4 Ra4+ 43. Kf3 Rc4 44. Rd5 Rxc3+ 45. Kf4 b5 46. Rd7 a5 47. Rd8 a4 48. Rb8 Rb3 49. Rb7 a3 50. Rxc7 a2 51. Rc6+ Kf7 52. Ra6 Rb2 53. g5 b4 54. g6+ Kg7 55. Ke4 b3 56. Kd3 Rb1 57. Kc3 a1=Q+ 0-1

[Event "*** Titled Tuesday Blitz"]
[Site "Chess.com"]
[Date "2019.01.01"]
[Round "3"]
[White "335394862"]
[Black "MateSchmate"]
[Result "0-1"]
[WhiteElo "2294"]
[BlackElo "2487"]
[TimeControl "180+2"]
[EndTime "13:37:56 PST"]
[Termination "MateSchmate won by checkmate"]

1. e4 e6 2. d4 d5 3. Nd2 a6 4. Ngf3 Nf6 5. Bd3 c5 6. e5 Nfd7 7. c3 Nc6 8. h4 Qb6 9. O-O cxd4 10. cxd4 Nxd4 11. Re1 Bc5 12. Nxd4 Bxd4 13. Qe2 Nxe5 14. Bc2 Bd7 15. Nb3 Bb5 16. Qd2 Nc6 17. a4 Bc4 18. a5 Qa7 19. Nxd4 Qxd4 20. Qg5 Qf6 21. Qg3 h6 22. Ra3 Nd4 23. Bd1 Rc8 24. Qd6 Nb5 25. Ba4 Qe7 26. Qg3 Qf6 27. Rf3 Qg6 28.
Qxg6 fxg6 29. Rxe6+ Kd7 30. Rxg6 Rhe8 31. Rxg7+ Kd6 32. Be3 d4 33. Bxh6 Re1+ 34. Kh2 Rce8 35. Rf6+ Kc5 36. Rxb7 R8e4 37. Kg3 Bd5 38. b3 Bxb7 39.
h5 d3 40. Rf7 Bd5 41. Rf8 Re5 42. Rc8+ Bc6 43. Kg4 R1e4+ 44. f4 d2 45. Rd8 Rd5 46.
Rxd5+ Bxd5 47. Bg7 Rxa4 48. bxa4 d1=Q+ 49. Kg5 Bxg2 50. h6 Be4 51. axb5 Qd5+ 52. Kf6 Qf5+ 53. Ke7 Bd5 54.
bxa6 Qe6+ 55. Kd8 Bc6 56. Bf8+ Kd5 57. Kc7 Qd7+ 58. Kb6 Qd8+ 59. Ka7 Qc7# 0-1

[Event "*** Titled Tuesday Blitz"]
[Site "Chess.com"]
[Date "2019.01.01"]
[Round "3"]
[White "VladDobrov"]
[Black "Arman_Hakemi"]
[Result "1-0"]
[WhiteElo "2835"]
[BlackElo "2466"]
[TimeControl "180+2"]
[EndTime "13:37:57 PST"]
[Termination "VladDobrov won on time"]

1. d4 Nf6 2. c4 g6 3. g3 Bg7 4. Bg2 d5 5. cxd5 Nxd5 6. Nf3 O-O 7. O-O Nc6 8. e3 Bf5 9. a3 Qd7 10. Re1 Bh3 11. Bh1 Rad8 12. Nc3 Nb6 13. Qb3 e5 14. d5 Na5 15. Qb4 Nac4 16. e4 h6 17. a4 a5 18. Qb3 f5 19. d6 Kh8 20.
dxc7 Qxc7 21. Nh4 Qf7 22. Nd5 Nxd5 23. Qxc4 g5 24. Nxf5 Bxf5 25. exf5 Qxf5 26. Qe2 Nf6 27. Be3 Ng4 28. Bc5 Rf7 29. Be4 Qe6 30. Rad1 Rc8 31.
Bd5 Qf5 32. Bxf7 Rxc5 33. Rd8+ Kh7 34. Bg8+ Kg6 35. Ba2 Nf6 36. Bb1 e4 37. Bxe4 Nxe4 38. Qxe4 Qxe4 39. Rxe4 Bxb2 40. Re6+ Kh5 41. Rb6 Be5 42.
Rxb7 Rc2 43. Rb5 Bc7 44. Rd7 Rc1+ 45. Kg2 Kg4 46. h3+ Kh5 47. Rg7 Be5 48. g4+ Kh4 49.
Rg6 1-0

[Event "*** Titled Tuesday Blitz"]
[Site "Chess.com"]
[Date "2019.01.01"]
[Round "3"]
[White "tigra"]
[Black "oskariot"]
[Result "0-1"]
[WhiteElo "2749"]
[BlackElo "2547"]
[TimeControl "180+2"]
[EndTime "13:37:58 PST"]
[Termination "oskariot won by resignation"]

1. e4 e6 2. d4 d5 3. Nc3 Bb4 4.
e5 c5 5. Bd2 Ne7 6. a3 Bxc3 7.
Bxc3 Nbc6 8. dxc5 d4 9. Bd2 Nxe5 10. Nf3 N5c6 11. Qe2 O-O 12. O-O-O Qd5 13. Qc4 e5 14. Qxd5 Nxd5 15. Bc4 Nf6 16. Rde1 e4 17. Ng5 Bf5 18. g4 Bxg4 19. Nxe4 Nxe4 20. Rxe4 Bf3 21. Rhe1 Bxe4 22. Rxe4 Rae8 23. Rg4 Ne5 24. Rxd4 Nf3 25. Rd7 Ne5 26. Rd4 Nf3 27. Rf4 Nxd2 28. Kxd2 Re5 29. b4 g6 30. Rf6 Kg7 31. Rd6 Rh5 32. Rd7 Rxh2 33. Ke3 Rh3+ 34. f3 Rh2 35. Kd3 h5 36. Rxb7 h4 37. c6 Rf2 38. Be6 Rxf3+ 39. Ke4 Rf2 40. Kd3 Rd8+ 41. Rd7 Rc8 42. Bd5 h3 43. b5 h2 44. c4 Rf1 45. Kc3 h1=Q 46. Bxh1 Rxh1 47. Rxa7 g5 48. c7 Rb1 49. a4 g4 50. Kc2 Rb4 51.
Kc3 Rb1 52. Kc2 g3 53. Kxb1 g2 54. Kc2 g1=Q 55. Rb7 Qc5 56. Kb3 Rxc7 57. Rxc7 Qxc7 0-1

[Event "*** Titled Tuesday Blitz"]
[Site "Chess.com"]
[Date "2019.01.01"]
[Round "3"]
[White "HouseOfDurin"]
[Black "SolidJ"]
[Result "1-0"]
[WhiteElo "1827"]
[BlackElo "1669"]
[TimeControl "180+2"]
[EndTime "13:37:58 PST"]
[Termination "HouseOfDurin won by resignation"]

1. d4 Nf6 2. Bg5 d5 3. Bxf6 gxf6 4. e3 Bf5 5. c4 c6 6. Nc3 e6 7. cxd5 exd5 8. Bd3 Qd7 9. Qc2 Bxd3 10. Qxd3 Na6 11.
Nge2 Bd6 12. O-O-O O-O-O 13. Ng3 Kb8 14. Qf5 Qe7 15. Nh5 Rhg8 16. g4 Rg5 17. Qf3 Rdg8 18. h3 f5 19. gxf5 f6 20. Ne2 Qf7 21. Nhg3 R5g7 22.
Nf4 Nc7 23. Rhg1 Qd7 24. Nfh5 Rf7 25. Ne2 Re8 26. Rg4 Bf8 27. Rdg1 c5 28. dxc5 Bxc5 29. Rd1 Qb5 30. Nc3 Qa5 31. Kb1 Rd8 32. Nxd5 Bb6 33. Nhf4 Rfd7 34. e4 Nxd5 35. Nxd5 Bc7 36. Rgg1 Be5 37.
Qb3 Qa6 38. Nc3 Qc6 39. Rxd7 Rxd7 40. Rd1 Rxd1+ 41. Qxd1 a6 42. Qd3 Ka7 43. a3 Qb6 44. Qe3 Bd4 45. Qd2 Bxf2 46. Nd5 Qc5 47. Qc3 Qxc3 48.
bxc3 Bh4 49. e5 fxe5 50. f6 Bxf6 51. Nxf6 h6 52. Ng4 e4 53. Nxh6 e3 54. Kc2 Kb6 55. Ng4 Kc5 1-0